 Dungeon Sprint DCSS version 0.26-a0-708-g17f3b190f9 (webtiles) character file.

Game seed: 12193956665080114368

73018 schets the Force of Nature (level 15, 0/178 HPs)
             Began as a Demonspawn Monk on Oct 28, 2020.
             Was the Champion of Fedhas.
             Slain by a vampire knight
             ... wielding a +0 war axe
              (4 damage)
             ... while paralysed by a vampire knight
             ... in the Dungeon (Sprint VII: "The Pits").
             The game lasted 00:11:15 (1963 turns).

schets the Force of Nature (Demonspawn Monk)        Turns: 1963, Time: 00:11:16

Health: 0/178      AC: 22    Str: 17    XL:     15   Next: 2%
Magic:  12/32      EV:  2    Int: 13    God:    Fedhas [******]
Gold:   0          SH:  0    Dex: 15    Spells: 37/37 levels left

rFire    + . .     SeeInvis .   j - +1 flail (protect)
rCold    + . .     Faith    .   (no shield)
rNeg     . . .     Spirit   .   k - +3 chain mail
rPois    .         Reflect  .   (no helmet)
rElec    .         Harm     .   (no cloak)
rCorr    .         Rampage  .   b - +0 pair of gloves
MR       +....     NoTele   +   (boots unavailable)
Stlth    ..........             (no amulet)
HPRegen  0.39/turn              (no ring)
MPRegen  0.23/turn              (no ring)

@: paralysed
A: talons 3, icy blue scales 3, fire resistance 1, robust 2, spiny 2, flame
cloud immunity
a: Wall of Briars, Grow Ballistomycete, Overgrow, Grow Oklob, Renounce Religion


You were in the Dungeon.
You worshipped Fedhas.
Fedhas was exalted by your worship.
You visited 1 branch

Inventory:

Hand Weapons
 a - a +0 hand axe
 j - a +1 flail of protection (weapon)
Armour
 b - a +0 pair of gloves (worn)
 k - a +3 chain mail (worn)
Jewellery
 l - a +3 ring of strength
 m - a +3 ring of protection
Scrolls
 h - a scroll of blinking
Potions
 c - 8 potions of curing
 d - 9 potions of heal wounds
 e - a potion of haste
 f - 3 potions of magic
 g - 2 potions of berserk rage
 i - 2 potions of invisibility
 n - a potion of stabbing
 o - a potion of resistance
 p - a potion of brilliance
 q - a potion of might


   Skills:
 * Level 23.2 Fighting
 - Level 2.6 Axes
 * Level 15.6 Armour
 * Level 15.8 Dodging
 - Level 1.7 Stealth
 + Level 11.7 Spellcasting
 O Level 27 Invocations


You had 37 spell levels left.
You didn't know any spells.
Your spell library was empty.

Dungeon Overview and Level Annotations

Branches:
Dungeon (1/1)

Altars:
Ashenzari
Cheibriados
Dithmenos
Elyvilon
Fedhas
Gozag
Hepliaklqana
Kikubaaqudgha
Makhleb
Nemelex Xobeh
Okawaru
Qazlal
Ru
Sif Muna
Trog
Uskayaw
Vehumet
Wu Jian
Xom
Yredelemnul
Zin
The Shining One
Beogh
Jiyva
Lugonu


Innate Abilities, Weirdness & Mutations

You have claws for feet.
You are completely covered in icy blue scales. (AC +4, rC+)
Your flesh is heat resistant. (rF+)
You are very robust. (+20% HP)
You are mostly covered in sharp spines.
You are immune to clouds of flame.


Message History

Fedhas protects your plant from harm.
The explosion of spores engulfs the ancient lich!!!
The ancient lich is moderately damaged.
Your wandering mushroom releases spores at the balrug!
The balrug is engulfed in a cloud of spores!
Your oklob plant spits acid at the ancient lich.
Fedhas protects your plant from harm. x2
The splash of acid hits the ancient lich.
The ancient lich is splashed with acid!
The ancient lich gestures wildly while chanting.
The ancient lich flickers and vanishes!
The balrug barely misses the ghoul.
The skeletal warrior completely misses your ballistomycete.
Your oklob sapling spits acid at the ghoul.
The splash of acid hits the ghoul!
The ghoul is splashed with acid.
The acid corrodes the ghoul!
The ghoul claws your oklob sapling!
The ghoul completely misses your oklob sapling.
Your ballistomycete looks more healthy.
Something hits you.
You die...
Fedhas appreciates your contribution to the ecosystem. ########## ##### ##........## ##V[ZZZ

##..........####MZZ.:[Z
##...........)P.nzM)VVnL
#..........{.P*P{zM)|DMV
#..........@.§*Pzn#
#............§.##f2.....
...............# .......
...............# #######
...............#
#..............#
#.....P........#
#........).....#
##............##


You could see a greater mummy, 2 ghouls, a balrug (summoned, confused), 2
skeletal warriors, 2 guardian mummies, a wight (summoned), an adder simulacrum,
a friendly oklob plant (summoned), a friendly wandering mushroom (summoned), 2
friendly ballistomycetes, 2 friendly oklob saplings and 2 friendly
ballistomycete spores.

Vanquished Creatures
  An orb of fire (D)
  A greater mummy (D)
  Margery (D)
  3 Orb Guardians (D)
  An acid blob (D)
  An Executioner (D)
  A fire giant (D)
  A draconian knight (D)
  A ghost moth (D)
  A vampire knight (D)
  A fire dragon (D)
  A blizzard demon (D)
  An ice dragon (D)
  5 hell knights (D)
  A deep troll (shapeshifter) (D)
  A hellion (D)
  A guardian mummy (D)
  An ice devil (D)
  2 floating eyes (D)
  A black bear (D)
  A gnoll (D)
  A river rat (D)
  2 leopard geckos (D)
  A quokka skeleton (D)
  A ballistomycete spore (D)
33 creatures vanquished.

Vanquished Creatures (collateral kills)
  A pandemonium lord (D)
  An ancient lich (D)
  Boris (D)
  2 greater mummies (D)
  A Killer Klown (D)
  Xtahua (D)
  A pearl dragon (D)
  2 bone dragons (D)
  4 Orb Guardians (D)
  2 liches (D)
  A deep elf master archer (D)
  An angel (D)
  2 ghouls (D)
  A black draconian (D)
  An apis (D)
  2 vampire knights (D)
  A mummy priest (D)
  A skeletal warrior (D)
  A hell knight (D)
  A deep elf mage (D)
  A lindwurm (D)
  Pikel (D)
  A guardian mummy (D)
  A warg (D)
  A lemure (D)
  A bullfrog (D)
  4 killer bees (D)
  A crimson imp (D)
  2 orc wizards (D)
  A mummy (D)
  2 gnolls (D)
  An adder (D)
  An adder simulacrum (D)
  4 orcs (D)
  A ball python (D)
  A giant cockroach (D)
  A bat simulacrum (D)
  A rat (D)
  46 ballistomycete spores (D)
100 creatures vanquished.

Vanquished Creatures (others)
  A shadow dragon (D)
  An orc (D)
  8 ballistomycete spores (D)
10 creatures vanquished.

Grand Total: 143 creatures vanquished

Notes
Turn   | Place    | Note
-------+----------+-------------------------------------------
     0 | D        | schets the Demonspawn Monk began the quest for the Orb.
     0 | D        | Reached XP level 1. HP: 18/18 MP: 1/1
    22 | D        | Found a bloodstained altar of Trog.
    22 | D        | Found a shimmering blue altar of Sif Muna.
    22 | D        | Found a viscous altar of Jiyva.
    22 | D        | Found a hazy altar of Hepliaklqana.
    22 | D        | Found an opulent altar of Gozag.
    23 | D        | Found a glowing golden altar of the Shining One.
    23 | D        | Found a glowing silver altar of Zin.
    23 | D        | Found a basalt altar of Yredelemnul.
    23 | D        | Found a shimmering altar of Xom.
    23 | D        | Found an ornate altar of the Wu Jian Council.
    23 | D        | Found a sacrificial altar of Ru.
    23 | D        | Found a stormy altar of Qazlal.
    23 | D        | Found an iron altar of Okawaru.
    23 | D        | Found a sparkling altar of Nemelex Xobeh.
    23 | D        | Found a burning altar of Makhleb.
    23 | D        | Found a blossoming altar of Fedhas.
    23 | D        | Found a white marble altar of Elyvilon.
    23 | D        | Found a shadowy altar of Dithmenos.
    23 | D        | Found a snail-covered altar of Cheibriados.
    25 | D        | Found a corrupted altar of Lugonu.
    25 | D        | Found a radiant altar of Vehumet.
    25 | D        | Found a roughly hewn altar of Beogh.
    26 | D        | Found a broken altar of Ashenzari.
    26 | D        | Found an ancient bone altar of Kikubaaqudgha.
    26 | D        | Found a hide-covered altar of Uskayaw.
    29 | D        | Became a worshipper of Fedhas Madash
    29 | D        | Reached * piety under Fedhas
    29 | D        | Reached ** piety under Fedhas
   192 | D        | Noticed a floating eye
   197 | D        | Reached skill level 3 in Invocations
   197 | D        | Gained mutation: You are partially covered in icy blue
                  | scales. (AC +2) [demonic ancestry]
   197 | D        | Reached XP level 2. HP: 26/26 MP: 1/4
   245 | D        | Paralysed by a floating eye for 3 turns
   249 | D        | Killed a floating eye
   249 | D        | Reached skill level 9 in Invocations
   249 | D        | Gained mutation: Your flesh is heat resistant. (rF+)
                  | [demonic ancestry]
   249 | D        | Reached XP level 3. HP: 35/35 MP: 5/9
   249 | D        | Gained mutation: You are partially covered in sharp spines.
                  | [demonic ancestry]
   249 | D        | Reached XP level 4. HP: 41/41 MP: 5/10
   305 | D        | Reached *** piety under Fedhas
   321 | D        | Noticed a bullfrog
   327 | D        | Killed a bullfrog
   327 | D        | Reached skill level 10 in Invocations
   327 | D        | Reached XP level 5. HP: 48/48 MP: 7/12
   399 | D        | Noticed Pikel
   399 | D        | Noticed a lemure
   399 | D        | Noticed a lemure
   399 | D        | Noticed a lemure
   399 | D        | Noticed a black bear
   399 | D        | Noticed a warg
   400 | D        | Noticed a floating eye
   400 | D        | Noticed a lemure
   403 | D        | Killed a floating eye
   403 | D        | Reached skill level 12 in Invocations
   403 | D        | Reached **** piety under Fedhas
   403 | D        | Gained mutation: You are immune to clouds of flame.
                  | [demonic ancestry]
   403 | D        | Reached XP level 6. HP: 50/56 MP: 5/15
   456 | D        | Killed Pikel
   456 | D        | Reached skill level 14 in Invocations
   494 | D        | Killed a warg
   494 | D        | Reached skill level 15 in Invocations
   494 | D        | Gained mutation: You have sharp toenails. [demonic
                  | ancestry]
   494 | D        | Reached XP level 7. HP: 41/64 MP: 6/18
   504 | D        | Reached skill level 10 in Fighting
   700 | D        | Noticed an ice devil
   712 | D        | Killed an ice devil
   712 | D        | Reached skill level 16 in Invocations
   939 | D        | Noticed a deep elf mage
   939 | D        | Noticed a lindwurm
   940 | D        | Noticed a fire elemental
   941 | D        | Killed a deep elf mage
   941 | D        | Reached skill level 17 in Invocations
   941 | D        | Gained mutation: You are mostly covered in sharp spines.
                  | [demonic ancestry]
   941 | D        | Reached XP level 8. HP: 57/74 MP: 10/20
   950 | D        | Killed a lindwurm
   950 | D        | Reached ***** piety under Fedhas
   950 | D        | Reached skill level 18 in Invocations
  1142 | D        | Noticed a blizzard demon
  1142 | D        | Noticed a black draconian
  1142 | D        | Noticed an acid blob
  1142 | D        | Noticed a hell knight
  1142 | D        | Noticed Margery
  1142 | D        | Noticed a fire giant
  1143 | D        | Noticed a shadow dragon
  1143 | D        | Noticed a hell knight
  1145 | D        | Killed a black draconian
  1145 | D        | Reached skill level 19 in Invocations
  1146 | D        | Noticed an angel
  1151 | D        | Killed a shadow dragon
  1151 | D        | Reached skill level 20 in Invocations
  1151 | D        | Gained mutation: You are mostly covered in icy blue scales.
                  | (AC +3) [demonic ancestry]
  1151 | D        | Reached XP level 9. HP: 43/84 MP: 1/23
  1152 | D        | Killed an acid blob
  1152 | D        | Reached skill level 21 in Invocations
  1152 | D        | Reached XP level 10. HP: 48/92 MP: 1/24
  1153 | D        | Killed an angel
  1153 | D        | Reached skill level 22 in Invocations
  1154 | D        | Killed a blizzard demon
  1158 | D        | Noticed a hell knight
  1159 | D        | Killed a fire giant
  1159 | D        | Reached skill level 23 in Invocations
  1162 | D        | Killed a hell knight
  1165 | D        | Killed Margery
  1165 | D        | Reached skill level 15 in Fighting
  1165 | D        | Reached skill level 25 in Invocations
  1165 | D        | Gained mutation: You are completely covered in icy blue
                  | scales. (AC +4, rC+) [demonic ancestry]
  1165 | D        | Reached XP level 11. HP: 61/104 MP: 3/27
  1166 | D        | Killed a hell knight
  1168 | D        | Killed a hell knight
  1441 | D        | Noticed a hell knight
  1441 | D        | Noticed a hell knight
  1441 | D        | Noticed an Executioner
  1441 | D        | Noticed a hell knight
  1442 | D        | Noticed a pearl dragon
  1446 | D        | Killed an Executioner
  1446 | D        | Reached skill level 26 in Invocations
  1448 | D        | Killed a hell knight
  1448 | D        | Killed a hell knight
  1450 | D        | Killed a pearl dragon
  1450 | D        | Reached ****** piety under Fedhas
  1450 | D        | Reached skill level 27 in Invocations
  1450 | D        | Gained mutation: You are robust. (+10% HP) [demonic
                  | ancestry]
  1450 | D        | Reached XP level 12. HP: 90/127 MP: 12/29
  1556 | D        | Noticed a Killer Klown
  1556 | D        | Noticed an Orb Guardian
  1556 | D        | Noticed an Orb Guardian
  1556 | D        | Noticed an Orb Guardian
  1557 | D        | Killed an Orb Guardian
  1557 | D        | Reached skill level 1 in Spellcasting
  1558 | D        | Killed an Orb Guardian
  1558 | D        | Killed an Orb Guardian
  1558 | D        | Reached skill level 5 in Dodging
  1559 | D        | Noticed an Orb Guardian
  1560 | D        | Killed an Orb Guardian
  1560 | D        | Reached skill level 5 in Armour
  1564 | D        | Noticed an Orb Guardian
  1565 | D        | Noticed a fire dragon
  1565 | D        | Killed a Killer Klown
  1566 | D        | Noticed an orb of fire
  1568 | D        | Killed a fire dragon
  1570 | D        | Killed an orb of fire
  1570 | D        | Gained mutation: You have razor-sharp toenails. [demonic
                  | ancestry]
  1570 | D        | Reached XP level 13. HP: 139/139 MP: 10/30
  1570 | D        | Killed an Orb Guardian
  1571 | D        | Noticed Kava the pandemonium lord
  1574 | D        | Noticed Xtahua
  1574 | D        | Killed Kava the pandemonium lord
  1574 | D        | Reached skill level 10 in Armour
  1574 | D        | Reached skill level 10 in Dodging
  1575 | D        | Noticed a greater mummy
  1577 | D        | Killed Xtahua
  1577 | D        | Noticed a deep elf master archer
  1577 | D        | Killed a ghost moth
  1579 | D        | Killed a deep elf master archer
  1580 | D        | Killed a greater mummy
  1581 | D        | Noticed an apis
  1582 | D        | Noticed Boris
  1582 | D        | Killed an apis
  1584 | D        | Killed Boris
  1584 | D        | Gained mutation: You are very robust. (+20% HP) [demonic
                  | ancestry]
  1584 | D        | Reached XP level 14. HP: 143/165 MP: 2/31
  1601 | D        | Noticed an Orb Guardian
  1602 | D        | Killed an Orb Guardian
  1627 | D        | Noticed an Orb Guardian
  1627 | D        | Killed an Orb Guardian
  1728 | D        | Noticed a black draconian knight
  1738 | D        | Killed a black draconian knight
  1921 | D        | Noticed a greater mummy
  1921 | D        | Noticed a vampire knight
  1921 | D        | Noticed a bone dragon
  1921 | D        | Noticed a vampire knight
  1921 | D        | Noticed a vampire knight
  1921 | D        | Noticed a ghoul
  1921 | D        | Noticed a greater mummy
  1921 | D        | Noticed a bone dragon
  1921 | D        | Noticed a vampire knight
  1922 | D        | Identified the +2 short sword "Giantbane" {antimagic, rPois
                  | rC+ rN++ Dex-2}
  1922 | D        | Noticed an ancient lich
  1922 | D        | Killed a vampire knight
  1930 | D        | Reached skill level 10 in Spellcasting
  1932 | D        | Killed a greater mummy
  1933 | D        | Paralysed by something for 4 turns
  1937 | D        | Noticed a ghoul
  1938 | D        | Noticed a lich
  1938 | D        | Killed a vampire knight
  1940 | D        | Killed an ancient lich
  1940 | D        | Killed a bone dragon
  1940 | D        | Killed a bone dragon
  1940 | D        | Reached skill level 15 in Dodging
  1940 | D        | Killed a lich
  1940 | D        | Reached skill level 15 in Armour
  1941 | D        | Noticed a lich
  1942 | D        | Killed a ghoul
  1943 | D        | Noticed a ghoul
  1944 | D        | Killed a greater mummy
  1946 | D        | Killed a vampire knight
  1946 | D        | Killed a lich
  1946 | D        | Gained mutation: You have claws for feet. [demonic
                  | ancestry]
  1946 | D        | Reached XP level 15. HP: 77/178 MP: 8/32
  1949 | D        | Noticed a greater mummy
  1960 | D        | Paralysed by something for 6 turns
  1961 | D        | HP: 3/178 [something/vampiric draining (21)]
  1963 | D        | Slain by a vampire knight

Illustrated notes

Levels and vault maps discovered:
D:        pitsprint [storerooms_1, entrance_room_1, metal_vault_7, armoury_1,
          mini_pit_1, grid_room_1, main_hall_1, silver_pit, the_coven_2,
          the_vestibule_1, steel_vault_2, golden_pit, hallway_of_sentries,
          crystal_vault_6, iron_vault_4, final_vault]

Skill      XL: |  1  2  3  4  5  6  7  8  9 10 11 12 13 14 |
---------------+-------------------------------------------+-----
Fighting       | 4 6 7 8 9 10 12 13 15 17 19 21 23 | 23.2
Invocations    | 3 9 10 12 15 17 20 21 25 27 | 27.0
Armour         | 8 12 15 | 15.6
Dodging        | 9 12 15 | 15.8
Spellcasting   | 6 9 11 | 11.7
Axes           | |  2.6
Stealth        | |  1.7

Action                   |  1- 3 |  4- 6 |  7- 9 | 10-12 | 13-15 || total
-------------------------+-------+-------+-------+-------+-------++-------
Melee: Hand axe          |    10 |       |       |       |       ||    10
       Flail             |       |     5 |     9 |       |       ||    14
       Kick              |       |       |     3 |       |       ||     3
Invok: Wall of Briars    |       |     6 |     1 |     1 |       ||     8
       Grow Ballistomyce |       |     2 |     4 |     4 |     2 ||    12
       Overgrow          |       |       |     1 |       |     4 ||     5
       Grow Oklob        |       |       |     2 |     4 |     4 ||    10
  Use: Potion            |     1 |       |       |     1 |     1 ||     3
Armor: Chain mail        |       |    11 |    23 |     4 |     2 ||    40
Dodge: Dodged            |     3 |     3 |     9 |       |     2 ||    17

Table legend: (Time is in decaauts)
 A = Elapsed time spent in this place.
 B = Non-inter-level travel time spent in this place.
 C = Inter-level travel time spent in this place.
 D = Time resting spent in this place.
 E = Time spent auto-exploring this place.
 F = Levels seen in this place.
 G = Mean time per level.
                   A        B        C        D        E       F      G
               +--------+--------+--------+--------+--------+-----+--------+
         Total |   2009 |   1884 |    125 |   1176 |      0 |   1 | 2009.0 |
       Dungeon |   2009 |   1884 |    125 |   1176 |      0 |   1 | 2009.0 |
               +--------+--------+--------+--------+--------+-----+--------+

Top non-repeatable levels by time:
       D: 2009 daAuts
